 Dungeon Crawl Stone Soup version 0.23.1 (webtiles) character file.

Game seed: 7497444182025970345

2299 brainwave the Carver (level 9, 0/79 HPs)
             Began as a Minotaur Berserker on Feb 3, 2019.
             Was an Elder of Trog.
             Slain by an ogre
             ... wielding a +0 giant club
              (20 damage)
             ... on level 8 of the Dungeon on Mar 3, 2019.
             The game lasted 01:16:15 (6897 turns).

brainwave the Carver (Minotaur Berserker)           Turns: 6897, Time: 01:16:16

Health: 0/79       AC:  5    Str: 24    XL:     9   Next: 17%
Magic:  8/8        EV: 21    Int:  4    God:    Trog [****..]
Gold:   383        SH:  0    Dex: 11    Spells: 8/8 levels left

rFire    . . .     SeeInvis .   R - +1 falchion (elec)
rCold    . . .     Gourm    .   (no shield)
rNeg     . . .     Faith    .   b - +0 animal skin
rPois    .         Spirit   .   (helmet restricted)
rElec    .         Reflect  .   (no cloak)
rCorr    .         Harm     .   (no gloves)
MR       .....                  S - +2 pair of boots
Stlth    ++........             t - amulet of magic regeneration
HPRegen  0.23/turn              o - +6 ring of evasion
MPRegen  0.36/turn              (no ring)

@: berserk cooldown, slowed, very slow
A: retaliatory headbutt, horns 2
a: Berserk, Trog's Hand, Brothers in Arms, Renounce Religion


You were on level 8 of the Dungeon.
You worshipped Trog.
Trog was greatly pleased with you.
You were very hungry.

You visited 1 branch of the dungeon, and saw 8 of its levels.

You collected 383 gold pieces.

Inventory:

Hand Weapons
 l - a +3 short sword of draining
 v - a +0 dagger of speed
 w - a +1 dagger of electrocution
 z - a +0 hunting sling
 C - a +1 hunting sling of velocity
 J - a +1 dagger of flaming
 K - a +2 whip of venom
 Q - a +4 trident
 R - a +1 falchion of electrocution (weapon)
Missiles
 e - 66 bolts
 j - 51 arrows
 s - 72 sling bullets
 u - 184 stones (quivered)
 A - 4 javelins
 D - 2 needles of frenzy
 G - 2 throwing nets
 H - 64 poisoned needles
 O - 10 tomahawks
Armour
 b - a +0 animal skin (worn)
 F - a +0 leather armour
 S - a +2 pair of boots (worn)
 U - a +0 helmet
Jewellery
 o - a +6 ring of evasion (left hand)
 q - an uncursed amulet of magic regeneration
 t - an amulet of magic regeneration (around neck)
 I - a +5 ring of evasion
 T - an uncursed ring of ice {unknown}
 Y - an uncursed amulet of guardian spirit {unknown}
Wands
 a - a wand of flame (12)
 y - a wand of disintegration (14)
 P - a wand of clouds (6)
 Z - a wand of random effects (10)
Scrolls
 f - a scroll of fear {unknown}
 g - 5 scrolls of remove curse
 i - a scroll of random uselessness {unknown}
 k - a scroll of immolation
 n - 2 scrolls of enchant armour
 r - a scroll of fog
 x - 5 scrolls of teleportation
 E - a scroll of enchant weapon {unknown}
 L - a scroll of magic mapping
 M - 2 scrolls of noise {unknown}
 N - a scroll of vulnerability {unknown}
Potions
 h - a potion of brilliance {unknown}
 m - 2 potions of curing {unknown}
 p - a potion of might {unknown}
 B - 2 potions of lignification {unknown}
 V - a potion of heal wounds {unknown}
 W - a potion of degeneration {unknown}
Comestibles
 c - 6 rations


   Skills:
 + Level 7.5 Fighting
 + Level 10.6 Long Blades
 + Level 2.7 Armour
 + Level 6.6 Dodging
 + Level 3.3 Stealth


You had 8 spell levels left.
You didn't know any spells.
Your spell library was empty.

Dungeon Overview and Level Annotations

Branches:
Dungeon (8/15)             Temple (0/1) D:4
   Lair: D:8-11

Altars:
Ashenzari
Cheibriados
Dithmenos
Elyvilon
Gozag
Hepliaklqana
Makhleb
Nemelex Xobeh
Okawaru
Vehumet
Wu Jian
Yredelemnul

Shops:
D:4 [   D:6 (


Innate Abilities, Weirdness & Mutations

You reflexively headbutt those who attack you in melee.
You have a pair of horns on your head.


Message History

You are exhausted.
You feel yourself slow down.
The electric eel shoots out a bolt of lightning at you!
The bolt of electricity hits the adder zombie!
The bolt of electricity hits you!
The electric eel shoots out a bolt of lightning at you!
The bolt of electricity hits the adder zombie!
The adder zombie is destroyed!
The bolt of electricity hits you!
The electric eel shoots out a bolt of lightning at you!
The bolt of electricity hits you!
The electric eel shoots out a bolt of lightning at you!
The bolt of electricity misses you.
The electric eel shoots out a bolt of lightning at you!
The bolt of electricity hits you!
* * * LOW HITPOINT WARNING * * *
It was a potion of berserk rage.
You're still recovering from your berserk rage.
The ogre hits you with a +0 giant club!!
You die...

#.....P≈;≈≈≈≈.≈..
#......♣;;O≈.≈≈P.
#.....!..P..P♣..#
#.......##O### ##
##.........# ##.
#......#### ##.#
##....## ###.##
##..O############..##
######
##..@............##
.....#
####..#############.#
.....#####....## #.##
...>..........# #..#
.........##...# #..#
........###...# #.<#
.........##..## ##.#
..........#..# #.#
.≈........#..#
##########.##


You could see an ogre.

Vanquished Creatures
  An ugly thing (D:7)
  A water moccasin (D:7)
  2 ice beasts (D:5)
  An orc warrior (D:6)
  An ogre (D:5)
  A centaur (D:7)
  A bullfrog (D:6)
  A water moccasin zombie (D:7)
  3 scorpions
  A howler monkey (D:7)
  A bullfrog zombie (D:5)
  2 crimson imps
  3 hounds
  A jelly (D:7)
  7 orc priests
  Ijyb (D:5)
  7 orc wizards
  4 worker ants
  A hound skeleton (D:5)
  A worker ant zombie (D:7)
  6 gnolls
  9 adders
  A shadow imp (D:6)
  An adder skeleton (D:4)
  A dart slug (D:4)
  3 leopard geckos
  27 orcs
  7 bats
  5 giant cockroaches
  3 goblins (D:3)
  5 hobgoblins
  10 jackals
  12 kobolds
  3 quokkas
  A ball python (D:1)
  3 frilled lizards
  A jackal zombie (D:8)
  A leopard gecko skeleton (D:5)
  8 rats
148 creatures vanquished.

Vanquished Creatures (others)
  An adder zombie (D:8)
1 creature vanquished.

Grand Total: 149 creatures vanquished

Notes
Turn   | Place    | Note
-------+----------+-------------------------------------------
     0 | D:1      | brainwave the Minotaur Berserker began the quest for the
                  | Orb.
     0 | D:1      | Reached XP level 1. HP: 19/19 MP: 0/0
   321 | D:1      | Reached XP level 2. HP: 27/27 MP: 1/1
   415 | D:1      | Reached skill level 4 in Long Blades
  1130 | D:2      | Reached ** piety under Trog
  1150 | D:2      | Found a basalt altar of Yredelemnul.
  1157 | D:2      | Found a burning altar of Makhleb.
  1157 | D:2      | Found a shattered altar of Ashenzari.
  1186 | D:2      | Reached XP level 3. HP: 33/33 MP: 2/2
  1889 | D:3      | Reached skill level 5 in Long Blades
  1889 | D:3      | Reached XP level 4. HP: 39/40 MP: 3/3
  2380 | D:3      | Reached XP level 5. HP: 41/47 MP: 4/4
  2456 | D:3      | Found a hazy altar of Hepliaklqana.
  2485 | D:3      | Found a faded altar of an unknown god.
  2501 | D:3      | Reached skill level 5 in Fighting
  2761 | D:3      | Found an ornate altar of the Wu Jian Council.
  2917 | D:3      | Reached *** piety under Trog
  3077 | D:4      | Reached skill level 1 in Stealth
  3110 | D:4      | Reached skill level 6 in Long Blades
  3110 | D:4      | Reached XP level 6. HP: 56/56 MP: 5/5
  3248 | D:4      | Found a snail-covered altar of Cheibriados.
  3359 | D:4      | Found a white marble altar of Elyvilon.
  3458 | D:4      | Found a staircase to the Ecumenical Temple.
  3876 | D:4      | Found Yriav's Antique Armour Shoppe.
  3953 | D:4      | Found an opulent altar of Gozag.
  3953 | D:4      | Found an iron altar of Okawaru.
  4172 | D:5      | Entered Level 5 of the Dungeon
  4190 | D:5      | Noticed an ice beast
  4202 | D:5      | Killed an ice beast
  4202 | D:5      | Reached skill level 7 in Long Blades
  4202 | D:5      | Reached XP level 7. HP: 58/62 MP: 6/6
  4369 | D:5      | Noticed Ijyb
  4375 | D:5      | Found a shadowy altar of Dithmenos.
  4378 | D:5      | Killed Ijyb
  4436 | D:5      | Reached skill level 8 in Long Blades
  4688 | D:5      | Upgraded the game from 0.23-b1-49-g13d5857 to 0.23.1
  4705 | D:5      | Found a radiant altar of Vehumet.
  5097 | D:5      | Reached XP level 8. HP: 71/71 MP: 7/7
  5328 | D:6      | Reached **** piety under Trog
  5356 | D:6      | Reached skill level 5 in Dodging
  5504 | D:6      | Reached skill level 9 in Long Blades
  5771 | D:6      | Found Cetal's Antique Weapon Emporium.
  5864 | D:6      | Found a sparkling altar of Nemelex Xobeh.
  6158 | D:7      | Noticed a white ugly thing
  6178 | D:7      | Killed a white ugly thing
  6178 | D:7      | Reached skill level 10 in Long Blades
  6318 | D:7      | Reached XP level 9. HP: 79/79 MP: 8/8
  6897 | D:8      | Slain by an ogre

Skill      XL: |  1  2  3  4  5  6  7  8 |
---------------+-------------------------+-----
Fighting       | 4 5 6 7 |  7.5
Long Blades    | 4 5 6 7 8 10 | 10.6
Dodging        | 3 4 6 |  6.6
Stealth        | 1 2 3 |  3.3
Armour         | |  2.7

Action                   |  1- 3 |  4- 6 |  7- 9 || total
-------------------------+-------+-------+-------++-------
Melee: Falchion          |    72 |   102 |   121 ||   295
       Headbutt          |    12 |    28 |    20 ||    60
 Fire: Blowgun           |       |     2 |       ||     2
Invok: Berserk           |       |     1 |     2 ||     3
  Use: Scroll            |     1 |     3 |     6 ||    10
       Potion            |       |       |     1 ||     1
 Stab: Sleeping          |       |       |     2 ||     2
  Eat: Ration            |     1 |     2 |     3 ||     6
Armor: Animal skin       |    15 |    10 |    11 ||    36
Dodge: Dodged            |    56 |    72 |   100 ||   228
       Rpst.: Falchion   |    15 |    23 |    17 ||    55
